 Dungeon Crawl Stone Soup version 0.18-a0-1745-gffa9a88 (webtiles) character file.

502 tyvek the Magician (level 6, 0/28 HPs)
             Began as a Spriggan Enchanter on Apr 12, 2016.
             Slain by johnl023's ghost (10 damage)
             ... on level 4 of the Dungeon.
             The game lasted 00:25:19 (5842 turns).

tyvek the Magician (Spriggan Enchanter)             Turns: 5842, Time: 00:25:20

Health: 0/28       AC:  8    Str:  5    XL:     6   Next: 95%
Magic:  9/16       EV: 19    Int: 17    God:
Gold:   168        SH:  0    Dex: 17    Spells: 4 memorised, 8 levels left

rFire  . . .     SeeInvis +     f - +3 short sword (protect)
rCold  . . .     Gourm    .     b - +1 robe
rNeg   + . .     Faith    .     (shield restricted)
rPois  .         Spirit   .     (helmet restricted)
rElec  .         Dismiss  .     (no cloak)
rCorr  .         Reflect  .     (gloves unavailable)
SustAt .         Harm     .     (boots unavailable)
MR     +....                    (no amulet)
Stlth  +++.......               (no ring)
                                q - ring of positive energy {rN+}

@: very quick, somewhat resistant to hostile enchantments, fairly stealthy
A: unfitting armour, see invisible, herbivore 3, speed 3, slow metabolism 2
a: no special abilities


You were on level 4 of the Dungeon.
You were not hungry.

You visited 1 branch of the dungeon, and saw 4 of its levels.

You collected 168 gold pieces.

Inventory:

Hand Weapons
 a - a +2 dagger
 f - a +3 short sword of protection (weapon)
   (You took it off Terence on level 3 of the Dungeon)
 s - a +2 shortbow of flaming
   (You took it off a centaur on level 3 of the Dungeon)
 x - a cursed -1 short sword
   (You took it off a kobold on level 4 of the Dungeon)
 y - a +2 whip of venom
   (You took it off a gnoll on level 4 of the Dungeon)
 C - the +9 blowgun of Dim Light {evade, rN++ Str+2, unknown}
   (You took it off a gnoll on level 4 of the Dungeon)

   It affects your evasion (+5 to EV).
   It affects your strength (+2).
   It greatly protects you from negative energy.
Missiles
 h - 7 curare-tipped needles
 w - 37 poisoned needles
Armour
 b - a +1 robe (worn)
 o - a +0 troll leather armour {regen}
   (You found it on level 2 of the Dungeon)
 p - a +0 chain mail
   (You took it off Terence on level 3 of the Dungeon)
Jewellery
 q - a ring of positive energy (left hand) {rN+}
   (You found it on level 2 of the Dungeon)
Wands
 g - a wand of digging (8/24)
   (You took it off Terence on level 3 of the Dungeon)
Scrolls
 r - 2 scrolls of identify
 u - a scroll of enchant weapon
Potions
 d - a potion of degeneration {unknown}
 e - a potion of curing {unknown}
 i - a potion of agility {unknown}
 j - a potion of mutation {unknown}
 k - 2 potions of heal wounds
 l - 3 potions of lignification {!q}
 m - 2 potions of cure mutation {!q}
 n - a potion of brilliance {unknown}
 z - a potion of resistance {unknown}
 A - a potion of might
 B - a potion of cancellation {unknown}
Books
 c - a book of Maledictions
 t - a Young Poisoner's Handbook
   (You found it on level 3 of the Dungeon)
Comestibles
 v - a bread ration {@e1}


   Skills:
 * Level 3.3 Short Blades
 + Level 3.7 Dodging
 + Level 5.4 Stealth
 - Level 6.1 Spellcasting
 - Level 6.0 Hexes


You had 8 spell levels left.
You knew the following spells:

 Your Spells              Type           Power        Failure   Level  Hunger
a - Ensorcelled Hibernat  Hex/Ice        ###...       6%          2    None
b - Tukima's Dance        Hex            ####....     3%          3    ##.....
c - Confuse               Hex            ####....     3%          3    ##.....
v - Corona                Hex            ####...      1%          1    None


Dungeon Overview and Level Annotations

Branches:
Dungeon (4/15)
 Temple: D:4-7

Altars:
Pakellas
Trog

Annotations:
D:4 johnl023's ghost, amateur MiFi


Innate Abilities, Weirdness & Mutations

You are tiny and cannot use many weapons and most armour.
You have supernaturally acute eyesight.
You are a herbivore.
You cover ground extremely quickly.
You need consume almost no food.


Message History

y - a whip of venom
C - a crystal blowgun
l - 3 potions of lignification {!q} (gained 1)
r - 2 scrolls of identify (gained 1)
Things that are here:
a halberd; a chain mail; a gnoll corpse
There is an open door here.
Johnl023's ghost is nearby!
Johnl023's ghost is nearby!
Johnl023's ghost is nearby!
Johnl023's ghost turns its malevolent gaze towards you.
Aim: johnl023's ghost (chance to defeat MR: 43%) Johnl023's ghost appears confused.
You now have 12/16 mp.
You hit johnl023's ghost but do no damage.
You hit johnl023's ghost. Johnl023's ghost misses you.
You barely miss johnl023's ghost. Johnl023's ghost hits you.
You take 4 damage, and have 24/28 hp.
You hit johnl023's ghost but do no damage.
You hit johnl023's ghost but do no damage.
You hit johnl023's ghost but do no damage.
You barely miss johnl023's ghost. You barely miss johnl023's ghost.
You hit johnl023's ghost but do no damage.
You hit johnl023's ghost but do no damage.
You catch the helpless johnl023's ghost completely off-guard!
You hit johnl023's ghost but do no damage.
You hit johnl023's ghost. You hit johnl023's ghost.
You catch the helpless johnl023's ghost completely off-guard!
You hit johnl023's ghost.
You hit johnl023's ghost but do no damage.
You hit johnl023's ghost but do no damage.
Johnl023's ghost hits itself but does no damage.
You hit johnl023's ghost but do no damage.
Johnl023's ghost seems less confused.
You closely miss johnl023's ghost. Johnl023's ghost barely misses you.
You hit johnl023's ghost but do no damage.
Johnl023's ghost closely misses you.
You hit johnl023's ghost but do no damage.
Johnl023's ghost misses you.
MP restored: 16 You barely miss johnl023's ghost.
Johnl023's ghost misses you.
You hit johnl023's ghost but do no damage.
Johnl023's ghost closely misses you.
You hit johnl023's ghost but do no damage.
Johnl023's ghost closely misses you.
You hit johnl023's ghost. Johnl023's ghost misses you.
You hit johnl023's ghost but do no damage.
Johnl023's ghost misses you.
You barely miss johnl023's ghost. Johnl023's ghost hits you.
You take 5 damage, and have 21/28 hp.
You hit johnl023's ghost.
You hit johnl023's ghost but do no damage.
Johnl023's ghost completely misses you.
You hit johnl023's ghost but do no damage.
Johnl023's ghost hits you.
You take 6 damage, and have 15/28 hp.
MASSIVE DAMAGE!!
Aim: johnl023's ghost (moderately damaged, chance to defeat MR: 43%) Johnl023's ghost resists with some effort.
Johnl023's ghost closely misses you.
You now have 13/16 mp.
Aim: johnl023's ghost (moderately damaged, chance to defeat MR: 43%) Johnl023's ghost resists with some effort.
Johnl023's ghost hits you but does no damage.
You now have 10/16 mp.
Aim: johnl023's ghost (moderately damaged, chance to defeat MR: 43%) Johnl023's ghost appears confused.
You now have 7/16 mp.
Aim: johnl023's ghost (moderately damaged, confused, chance to defeat MR: 53%) Johnl023's ghost resists with significant effort.
You now have 6/16 mp.
You are too injured to fight recklessly!
You are too injured to fight recklessly!
You are too injured to fight recklessly!
You hit johnl023's ghost but do no damage.
Johnl023's ghost misses you.
You hit johnl023's ghost but do no damage.
You hit johnl023's ghost but do no damage.
Johnl023's ghost completely misses you.
You hit johnl023's ghost but do no damage.
You catch the helpless johnl023's ghost completely off-guard!
You hit johnl023's ghost but do no damage.
You hit johnl023's ghost but do no damage.
You hit johnl023's ghost but do no damage.
You catch the helpless johnl023's ghost completely off-guard!
You hit johnl023's ghost but do no damage.
You catch the helpless johnl023's ghost completely off-guard!
You puncture johnl023's ghost! Johnl023's ghost hits you!
You take 7 damage, and have 10/28 hp.
MASSIVE DAMAGE!!
You hit johnl023's ghost but do no damage.
Johnl023's ghost completely misses you.
You catch the helpless johnl023's ghost completely off-guard!
You puncture johnl023's ghost! Johnl023's ghost misses you.
You hit johnl023's ghost but do no damage.
Johnl023's ghost hits you!
You die...

###
###############.###########
...........................
.#.####.###.###.###.######
#.# #W# #.# #.# #.#
#@###.###.# . #.#
#.........# . #.#
#####.##### # #.# ##'## .
#.# ##...## # ##.....##
#### ##.......## ##.##
###)..).....####....
.......'.........'.......


You could see johnl023's ghost (confused).

Vanquished Creatures
  A centaur (D:3)
  A crimson imp (D:3)
  A hound (D:4)
  2 orc priests
  Terence (D:3)
  Ijyb (D:2)
  A worker ant (D:4)
  Robin (D:2)
  4 adders (D:2)
  4 gnolls (D:4)
  An ooze (D:1)
  3 worms
  A dart slug (D:1)
  A giant gecko (D:3)
  14 orcs
  7 giant cockroaches
  9 goblins
  14 hobgoblins
  10 jackals
  10 kobolds
  2 quokkas
  2 ball pythons
  9 bats
  A giant gecko skeleton (D:4)
  7 giant newts
  5 rats
113 creatures vanquished.

Notes
Turn   | Place    | Note
--------------------------------------------------------------
     0 | D:1      | tyvek the Spriggan Enchanter began the quest for the Orb.
     0 | D:1      | Reached XP level 1. HP: 9/9 MP: 5/5
   210 | D:1      | Reached skill level 3 in Spellcasting
   305 | D:1      | Reached XP level 2. HP: 13/13 MP: 7/7
   309 | D:1      | Learned a level 2 spell: Ensorcelled Hibernation
   443 | D:1      | Reached skill level 4 in Hexes
  1243 | D:2      | Reached XP level 3. HP: 16/16 MP: 9/9
  1330 | D:2      | Reached skill level 4 in Spellcasting
  1462 | D:2      | Learned a level 3 spell: Confuse
  1466 | D:2      | Learned a level 3 spell: Tukima's Dance
  1576 | D:2      | Noticed Ijyb
  1699 | D:2      | Killed Ijyb
  1699 | D:2      | Reached XP level 4. HP: 13/21 MP: 0/11
  1824 | D:2      | Noticed Robin
  1858 | D:2      | Killed Robin
  1865 | D:2      | Reached skill level 5 in Spellcasting
  2167 | D:2      | Reached skill level 5 in Hexes
  2305 | D:2      | Found a bloodstained altar of Trog.
  2591 | D:3      | Reached XP level 5. HP: 14/24 MP: 3/13
  2984 | D:3      | Noticed Terence
  2998 | D:3      | Killed Terence
  3150 | D:3      | Noticed a centaur
  3152 | D:3      | HP: 4/24 [centaur/arrow (17)]
  3152 | D:3      | HP: 1/24 [centaur/arrow (3)]
  3166 | D:3      | Killed a centaur
  3166 | D:3      | Reached skill level 6 in Spellcasting
  3399 | D:3      | Reached XP level 6. HP: 22/28 MP: 3/16
  3594 | D:3      | Reached skill level 6 in Hexes
  3897 | D:3      | Reached skill level 2 in Short Blades
  4521 | D:4      | Reached skill level 5 in Stealth
  4666 | D:4      | Noticed johnl023's ghost (amateur MiFi)
  4841 | D:4      | HP: 6/28 [johnl023's ghost (11)]
  5448 | D:4      | Reached skill level 3 in Short Blades
  5600 | D:4      | Found an oddly glowing altar of Pakellas.
  5751 | D:4      | Got a crystal blowgun
  5842 | D:4      | Slain by johnl023's ghost

Vault maps used:
D:1:      dpeg_arrival_concentric_ovals, minmay_misc_feat_alley, st_stairs_10,
          columned_hall_lemuel, minivault_27,
          hangedman_abyss_or_decor_lesser_grid, item_on_display_a
D:2:      trog_book, uniq_robin, uniq_iyjb
D:3:      minmay_misc_feat_chi, kennysheep_generic_room_15, uniq_terence
D:4:      grunt_pakellas_mercury

Skill      XL: |  1  2  3  4  5  6 |
---------------+-------------------+-----
Spellcasting   | 3 4 5 6 |  6.1
Hexes          | 4 5 6 |  6.0
Short Blades   | 3 |  3.3
Stealth        | 5 |  5.4
Dodging        | |  3.7

Action                   |  1- 3 |  4- 6 || total
-------------------------+-------+-------++-------
Melee: Dagger            |    69 |    73 ||   142
       Short sword       |       |   197 ||   197
 Cast: Corona            |     3 |     4 ||     7
       Ensorcelled Hiber |    20 |    73 ||    93
       Confuse           |     1 |    20 ||    21
  Use: Scroll            |       |     7 ||     7
       Potion            |       |     2 ||     2
 Stab: Sleeping          |    20 |    59 ||    79
       Distracted        |     1 |       ||     1
       Confused          |       |    18 ||    18
  Eat: Bread ration      |       |     1 ||     1

Vault maps used:
D:1:      dpeg_arrival_concentric_ovals, minmay_misc_feat_alley, st_stairs_10,
          columned_hall_lemuel, minivault_27,
          hangedman_abyss_or_decor_lesser_grid, item_on_display_a
D:2:      trog_book, uniq_robin, uniq_iyjb
D:3:      minmay_misc_feat_chi, kennysheep_generic_room_15, uniq_terence
D:4:      grunt_pakellas_mercury

Table legend:
 A = Turns spent in this place as a percentage of turns spent in the entire game.
 B = Non-inter-level travel turns spent in this place as a percentage of non-inter-level travel turns spent in the entire game.
 C = Inter-level travel turns spent in this place as a percentage of turns spent in this place.
 D = Turns resting spent in this place as a percentage of non-inter-level travel turns spent in this place.
 E = Turns spent auto-exploring this place as a percentage of non-inter-level travel turns spent in this place.
 F = Non-inter-level travel turns spent in this place divided by the number of levels of this place that you've seen.
                   A       B       C       D       E      F
               +-------+-------+-------+-------+-------+----------------------
         Total | 100.0 | 100.0 |   0.7 |   4.2 |  10.8 | 409.0
       Dungeon | 100.0 | 100.0 |   0.7 |   4.2 |  10.8 | 409.0
               +-------+-------+-------+-------+-------+----------------------

Table legend:
 A = Kills in this place as a percentage of kills in entire the game.
 B = Kills by you in this place as a percentage of kills by you in the entire game.
 C = Kills by friends in this place as a percentage of kills by friends in the entire game.
 D = Other kills in this place as a percentage of other kills in the entire game.
 E = Experience gained in this place as a percentage of experience gained in the entire game.
 F = Experience gained in this place divided by the number of levels of this place that you have seen.
                   A       B       C       D       E      F
               +-------+-------+-------+-------+-------+----------------------
         Total | 100.0 | 100.0 |  -nan |  -nan | 100.0 | 179.5
       Dungeon | 100.0 | 100.0 |  -nan |  -nan | 100.0 | 179.5
               +-------+-------+-------+-------+-------+----------------------
